 Dungeon Crawl Stone Soup version 0.31-a0-986-g5e6e4ef867 (webtiles) character file.

Game seed: 12410396505216526483

14 cryptkbanana the Grave Robber (level 2, -1/20 HPs)
             Began as a Gnoll Necromancer on Nov 18, 2023.
             Succumbed to their own poison gas
             ... on level 2 of the Dungeon.
             The game lasted 00:17:45 (439 turns).

cryptkbanana the Grave Robber (Gnoll Necromancer)    Turns: 439, Time: 00:17:46

Health: -1/20      AC:  2    Str:  7    XL:     2   Next: 41%
Magic:  7/7        EV: 13    Int: 14    God:
Gold:   13         SH:  0    Dex: 12    Spells: 9/10 levels left

rFire   x . .        (no weapon)
rCold   + . .        (no shield)
rNeg    . . .        a - +0 robe
rPois   .            (no helmet)
rElec   .            (no cloak)
rCorr   .            (no gloves)
SInv    .            (no boots)
Will    .....        (no amulet)
Stlth   ++           f - ring of ice
HPRegen 0.23/turn    (no ring)
MPRegen 0.10/turn

%: no passive effects
@: lethally poisoned (-1 -> -36)
A: fangs 1, strong nose, distributed training
a: no special abilities


You were on level 2 of the Dungeon.
You visited 1 branch of the dungeon, and saw 2 of its levels.

You collected 13 gold pieces.

Inventory:

Armour
 a - a +0 robe (worn)
Jewellery
 f - a ring of ice (left hand)
Potions
 b - a potion of magic
 c - a potion of brilliance {unknown}
 d - a potion of cancellation {unknown}
 e - a potion of ambrosia {unknown}


   Skills:
 + Level 0.4 Fighting
 + Level 0.4 Short Blades
 + Level 0.4 Long Blades
 + Level 0.4 Axes
 + Level 0.4 Maces & Flails
 + Level 0.4 Polearms
 + Level 0.4 Staves
 + Level 0.4 Ranged Weapons
 + Level 0.4 Throwing
 + Level 0.4 Armour
 + Level 4.5 Dodging
 + Level 4.1 Stealth
 + Level 0.4 Shields
 + Level 0.4 Unarmed Combat
 + Level 4.9 Spellcasting
 + Level 0.2 Conjurations
 + Level 0.2 Hexes
 + Level 0.2 Summonings
 + Level 7.0 Necromancy
 + Level 0.2 Translocations
 + Level 0.2 Transmutations
 + Level 0.2 Fire Magic
 + Level 0.2 Ice Magic
 + Level 0.2 Air Magic
 + Level 0.2 Earth Magic
 + Level 0.2 Poison Magic
 + Level 0.5 Invocations
 + Level 0.4 Evocations
 + Level 0.3 Shapeshifting


You had 9 spell levels left.
You knew the following spells:

 Your Spells              Type           Power      Damage    Failure   Level
a - Necrotise             Necr           92%        1d8       1%          1

Your spell library contained the following spells:

 Spells                   Type           Power      Damage    Failure   Level
 Vampiric Draining        Necr           23%        2d7       3%          3
 Animate Dead             Necr           23%        N/A       10%         4
 Lesser Beckoning         Tloc           8%         N/A       24%         2
 Poisonous Vapours        Pois/Air       8%         N/A       24%         2
 Agony                    Necr           23%        N/A       26%         5
 Gell's Gravitas          Tloc           4%         N/A       43%         3
 Mephitic Cloud           Conj/Pois/Air  4%         N/A       43%         3
 Teleport Other           Tloc           4%         N/A       43%         3
 Freezing Cloud           Conj/Ice/Air   3%         6-21      99%         5


Dungeon Overview and Level Annotations

Branches:
Dungeon (1/15)

Altars:

Shops:
D:1 *


Innate Abilities, Weirdness & Mutations

You have very sharp teeth.
Your uncanny sense of smell can sniff out nearby items.
Your experience applies equally to all skills.


Message History

You open the door.
Found a book of Vapours and a cyan potion.
There is an open door here.
You pick up a book of Vapours and begin reading...
You add the spells Poisonous Vapours, Mephitic Cloud and Freezing Cloud to your library.
An endoplasm comes into view.
The endoplasm writhes in agony.
The endoplasm hits you but does no damage.
The endoplasm writhes in agony.
You kill the endoplasm!
d - a cyan potion
Found a metallic purple potion.
Found 5 poisoned darts.
There is a stone staircase leading down here.
e - a metallic purple potion A malevolent force fills the Dungeon...
You fall into a shaft and drop 1 floor!
The shaft crumbles and collapses.
Found a spear and 8 gold pieces.
You see here a +0 spear.
You now have 13 gold pieces (gained 8).
As you open the door, it creaks loudly!
Found a robe.
There is an open door here.
You open the door.
There is an open door here.
Found a scroll labelled FAIHUA TUZXIM.
Found a marble ring.
f - a ring of ice You feel more attuned to ice.
f - a ring of ice (left hand)
g - a scroll labelled FAIHUA TUZXIM The air fills with toxic fumes!
As you read the scroll labelled FAIHUA TUZXIM, it crumbles to dust.
It was a scroll of poison.
You are engulfed in poison gas.
You are poisoned.
You feel very sick.
You are engulfed in poison gas.
You are more poisoned.
You die...

######.#.######
#.#.##...
#.§§##§#####
##.§§§§#§.§# ∆
∆ ##.#§§§§#§#
##§##§§§#§#
#§§§§§§§.§#
###§§§§§§§#
#§§§§§@§+ ∆
#§§§§§§§#
#.§§§§§§§§§#
#.##§§§§§§§+ ∆
# #§§§§§§§#
#§§§§§§§#
#...###### #.#.


There were no monsters in sight!

Vanquished Creatures
  A bat (D:1)
  2 endoplasms (D:1)
  A goblin (D:1)
  2 hobgoblins (D:1)
  A quokka (D:1)
  A ball python (D:1)
  A rat (D:1)
9 creatures vanquished.

Vanquished Creatures (collateral kills)
  An endoplasm (D:1)
  A quokka (D:1)
2 creatures vanquished.

Grand Total: 11 creatures vanquished

Notes
Turn   | Place    | Note
-------+----------+-------------------------------------------
     0 | D:1      | cryptkbanana the Gnoll Necromancer began the quest for the
                  | Orb.
     0 | D:1      | Reached XP level 1. HP: 13/13 MP: 6/6
   242 | D:1      | Reached XP level 2. HP: 19/19 MP: 4/7
   322 | D:1      | Found Fuatut's Assorted Antiques.
   376 | D:1      | You fall into a shaft and drop 1 floor!
   439 | D:2      | Succumbed to their own poison gas

Illustrated notes

Levels and vault maps discovered:
D:1:      lemuel_arrival_cross, layout_basic, serial_shops,
          nicolae_shop_tiny_real_fake_doors
D:2:      layout_basic, basic_altar, lightli_corner_chamber, uniq_jessica

Action                     || total
---------------------------++-------
   Cast: Necrotise         ||    19
    Use: Scroll            ||     2
 Armour: Robe              ||     3
  Dodge: Dodged            ||     3

Table legend: (Time is in decaauts)
 A = Elapsed time spent in this place.
 B = Non-inter-level travel time spent in this place.
 C = Inter-level travel time spent in this place.
 D = Time resting spent in this place.
 E = Time spent auto-exploring this place.
 F = Levels seen in this place.
 G = Mean time per level.
                   A        B        C        D        E       F      G
               +--------+--------+--------+--------+--------+-----+--------+
         Total |    438 |    429 |      9 |    100 |     34 |   2 |  219.0 |
       Dungeon |    438 |    429 |      9 |    100 |     34 |   2 |  219.0 |
               +--------+--------+--------+--------+--------+-----+--------+

Top non-repeatable levels by time:
     D:1: 376 daAuts
     D:2: 62 daAuts
